 Dungeon Crawl Stone Soup version 0.25.1-2-g60ff931df9 (webtiles) character file.

Game seed: 13836228387585396905

154 Johnny the Chiller (level 4, -4/33 HPs)
             Began as a Demigod Ice Elementalist on Aug 30, 2020.
             Slain by an orc wizard
             ... wielding a +0 dagger
              (7 damage)
             ... on level 3 of the Dungeon.
             The game lasted 00:02:54 (3028 turns).

Johnny the Chiller (Demigod Ice Elementalist)       Turns: 3028, Time: 00:02:55

Health: -4/33      AC:  3    Str: 11    XL:     4   Next: 89%
Magic:  11/11      EV: 12    Int: 21    God:
Gold:   105        SH:  0    Dex: 16    Spells: 4/8 levels left

rFire    . . .     SeeInvis .   k - +0 spear
rCold    . . .     Gourm    .   (no shield)
rNeg     . . .     Faith    .   a - +0 robe
rPois    .         Spirit   .   (no helmet)
rElec    .         Reflect  +   (no cloak)
rCorr    .         Harm     .   i - +0 pair of gloves
MR       .....                  (no boots)
Stlth    +.........             d - amulet of reflection
HPRegen  0.11/turn              (no ring)
MPRegen  0.12/turn              (no ring)

@: confused, stab
A: high mp 1
a: no special abilities


You were on level 3 of the Dungeon.
You were not hungry.

You visited 1 branch of the dungeon, and saw 4 of its levels.

You collected 105 gold pieces.

Inventory:

Hand Weapons
 k - a +0 spear (weapon)
Armour
 a - a +0 robe (worn)
 i - a +0 pair of gloves (worn)
Jewellery
 d - an amulet of reflection (around neck)
Scrolls
 b - a scroll of remove curse {unknown}
 h - a scroll of magic mapping {unknown}
 j - 2 scrolls of identify {unknown}
 m - a scroll of amnesia {unknown}
 n - a scroll of enchant armour {unknown}
Potions
 e - a potion of stabbing
 f - a potion of ambrosia
 g - a potion of haste {unknown}
Comestibles
 c - 4 rations
 l - a chunk of flesh


   Skills:
 - Level 1.7 Dodging
 - Level 1.7 Stealth
 + Level 2.9 Spellcasting
 * Level 5.3 Ice Magic


You had 4 spell levels left.
You knew the following spells:

 Your Spells              Type           Power        Failure   Level  Hunger
a - Freeze                Ice            ####         1%          1    None
b - Frozen Ramparts       Ice            ####..       4%          3    ###....

Your spell library contained the following spells:

 Spells                   Type           Power        Failure   Level  Hunger
 Ozocubu's Armour         Chrm/Ice       ##......     14%         3    ###....
 Hailstorm                Conj/Ice       ##......     41%         4    ####...
 Summon Ice Beast         Ice/Summ       ##......     41%         4    ####...


Dungeon Overview and Level Annotations

Branches:
Dungeon (4/15)
 Temple: D:4-7


Innate Abilities, Weirdness & Mutations

You have an increased reservoir of magic. (+10% MP)


Message History

There are monsters nearby!
Unknown command.
Okay, then.
The orc wizard gestures at you while chanting.
The magic dart hits you.
* * * LOW HITPOINT WARNING * * *
You see here a stone.
It was a potion of stabbing.
You feel ready to backstab.
The orc wizard casts a spell.
The orc wizard blinks!
Unknown command.
It was a potion of ambrosia.
You are confused.
You feel invigorated. The orc hits you with a +0 hand axe.
* * * LOW HITPOINT WARNING * * *
The orc wizard hits you with a +1 dagger of protection.
* * * LOW HITPOINT WARNING * * *
The orc wizard hits you with a +0 dagger!
You die...

.. #..# #. #.......# .#
....##.####.......# .#
#.$......).......# ..
........###÷.....#########
.#
.......).........#........
#..##...!................
.............(...#........
##........oo.#####........
.#
..........o@.....<....####
.. .
.#####.......########## ..
.. ###........## ..
...#...(...)†.# ..
.....#.##.....# ..
........).....# ..
.#.#..†).....# ..
.........#).### .g
...............


You could see 2 orc wizards and an orc.

Vanquished Creatures
  3 gnolls (D:3)
  5 adders
  3 worms
  3 dart slugs
  3 leopard geckos
  An orc (D:3)
  6 bats
  4 giant cockroaches
  8 goblins
  5 hobgoblins
  8 jackals
  2 ball pythons
  3 frilled lizards
  5 kobolds
  A quokka skeleton (D:4)
  A rat (D:3)
61 creatures vanquished.

Notes
Turn   | Place    | Note
-------+----------+-------------------------------------------
     0 | D:1      | Johnny the Demigod Ice Elementalist began the quest for the
                  | Orb.
     0 | D:1      | Reached XP level 1. HP: 14/14 MP: 5/5
   350 | D:1      | You fall into a shaft and drop 1 floor!
   350 | D:2      | Found a faded altar of an unknown god.
   356 | D:2      | Reached skill level 4 in Ice Magic
   356 | D:2      | Reached XP level 2. HP: 11/20 MP: 0/7
  1525 | D:1      | Reached XP level 3. HP: 26/26 MP: 7/9
  2104 | D:2      | You fall into a shaft and drop 1 floor!
  2452 | D:2      | Learned a level 3 spell: Frozen Ramparts
  2532 | D:3      | Reached XP level 4. HP: 28/33 MP: 5/10
  2598 | D:3      | Reached skill level 5 in Ice Magic
  3028 | D:3      | Slain by an orc wizard

Illustrated notes

Levels and vault maps discovered:
D:1:      dpeg_arrival_water_temple_mockup, layout_rooms,
          minmay_misc_feat_rugged, minmay_statues_item, st_stairs_11,
          minmay_pentomino_p2
D:2:      layout_rooms, chequers_ecumenical_altar_simple, first_ration,
          minmay_liquid_box
D:3:      layout_rooms, tso_metal_star, uniq_purgy
D:4:      minmay_evil_eye, layout_layer_cave, nicolae_overflow_hidden_temple,
          kennysheep_mini_moat, cheibrodos_ashenzari_chains, kennysheep_mini,
          chequers_serial_rivers_small_a, lemuel_old_faithful

Skill      XL: |  1  2  3  4 |
---------------+-------------+-----
Spellcasting   | 2 |  2.9
Ice Magic      | 4 5 |  5.3
Dodging        | |  1.7
Stealth        | |  1.7

Action                   |  1- 3 |  4- 6 || total
-------------------------+-------+-------++-------
Melee: Unarmed           |    50 |       ||    50
       Spear             |    44 |    32 ||    76
 Cast: Freeze            |    52 |     9 ||    61
       Frozen Ramparts   |     1 |     4 ||     5
  Use: Potion            |       |     2 ||     2
 Stab: Sleeping          |     1 |       ||     1
  Eat: Chunk             |     5 |     2 ||     7
Armor: Robe              |    25 |     6 ||    31
Dodge: Dodged            |    90 |    20 ||   110
Block: Other             |    27 |     6 ||    33
